 Dungeon Crawl Stone Soup version 0.13-a0-2484-gc765b08 (console) character file.

1152 Kellhus the Conjurer (level 8, 28/40 HPs)
             Began as a Gargoyle Wizard on July 21, 2013.
             Quit the game on Level 4 of the Dungeon.
             The game lasted 00:07:59 (5405 turns).

Kellhus the Conjurer (Gargoyle Wizard)              Turns: 5405, Time: 00:08:00

HP  28/40        AC 11     Str 11      XL: 8   Next:  8%
MP   8/20        EV 11     Int 21      God:
Gold 242         SH  0     Dex  8      Spells:  3 memorised, 10 levels left

Res.Fire  : . . .   See Invis. : .   w - +2,+3 flail (drain)
Res.Cold  : . . .   Warding    : .   a - +0 robe
Life Prot.: + + .   Conserve   : .   (no shield)
Res.Poison: +       Res.Corr.  : .   g - +0 helmet
Res.Elec. : +       Clarity    : .   (no cloak)
Sust.Abil.: . .     Spirit.Shd : .   (no gloves)
Res.Mut.  : .       Stasis     : .   (no boots)
Res.Rott. : +       Flight     : .   (no amulet)
Saprovore : . . .                    m - ring of positive energy {unknown}
                                     h - ring of teleport control

@: slightly resistant to hostile enchantments, unstealthy
A: fangs 1, talons 2, life protection 1, electricity resistance, slow metabolism
1, unbreathing, petrification resistance, AC +8
a: Evoke Teleport Control


You were on level 4 of the Dungeon.
You were hungry.

You visited 1 branch of the dungeon, and saw 4 of its levels.

You collected 222 gold pieces.

Inventory:

Hand weapons
 t - a +1,+1 orcish vampiric hand axe (quivered)
 w - a +2,+3 flail of draining (weapon)
Armour
 a - a +0 robe (worn)
 b - a +0 wizard hat
 g - a +0 helmet (worn)
Magical devices
 y - a wand of polymorph (7) {unknown}
Comestibles
 d - 2 bread rations
 u - 14 sultanas
Scrolls
 e - 4 scrolls of remove curse {unknown}
 f - 2 scrolls of teleportation {unknown}
 i - a scroll of curse jewellery {unknown}
 k - 2 scrolls of fear {unknown}
 q - a scroll of enchant weapon I {unknown}
 v - 2 scrolls of curse armour {unknown}
Jewellery
 h - a ring of teleport control (left hand)
 m - a ring of positive energy (right hand) {unknown}
Potions
 j - a potion of heal wounds {unknown}
 l - 3 potions of curing {unknown}
 n - a potion of cure mutation {unknown}
 o - a potion of brilliance {unknown}
 p - a potion of restore abilities {unknown}
 r - a potion of poison {unknown}
Books
 c - a book of Minor Magic

   Spells                             Type                      Level
   *Magic Dart                        Conjuration                  1
   Blink                              Translocation                2
   Call Imp                           Summoning                    2
   Repel Missiles                     Charms/Air                   2
   Slow                               Hexes                        2
   *Conjure Flame                     Conjuration/Fire             3
   *Mephitic Cloud                    Conjuration/Poison/Air       3


   Skills:
 - Level 1.5 Dodging
 - Level 2.1 Stealth
 - Level 5.1 Spellcasting
 + Level 8.4 Conjurations
   Level 0.8 Summonings
   Level 0.8 Translocations


You had 10 spell levels left.
You knew the following spells:

 Your Spells              Type           Power        Failure   Level  Hunger
a - Magic Dart            Conj           ####         1%          1    None
b - Conjure Flame         Conj/Fire      ###.....     6%          3    ##.....
c - Mephitic Cloud        Conj/Pois/Air  ###.....     12%         3    ##.....


Dungeon Overview and Level Annotations

Branches:
Dungeon (4/27)
 Temple: D:4-7

Altars:
Kikubaaqudgha


Innate Abilities, Weirdness & Mutations

You are resistant to torment.
You are immune to poison.
Your stone body is very resilient (AC +8).
You have very sharp teeth.
You have razor-sharp toenails.
You resist negative energy.
You are resistant to electric shocks.
You have a slow metabolism.
You can survive without breathing.
You are immune to petrification.


Message History

Casting: Magic Dart
Confirm with . or Enter, or press ? or * to list all spells.
Aiming: Magic Dart
Press: ? - help, Shift-Dir - straight line, f/p - Grinder
Aim: Grinder (severely wounded)
The magic dart hits Grinder.
Grinder is almost dead.
Grinder says, "My boss said I was rubbish.
His entrails said otherwise."
Grinder gestures.
Grinder blinks!
Casting: Magic Dart
Confirm with . or Enter, or press ? or * to list all spells.
Aiming: Magic Dart
Press: ? - help, Shift-Dir - straight line, f/p - Grinder
Aim: Grinder (almost dead)
The magic dart hits Grinder.
You kill Grinder!
Your Conjurations skill increases to level 8!
You have reached level 8!
You feel stronger.
Are you sure you want to abandon this character and quit the game? (Confirm with "yes".)

.....)....# ...
..........# ........#
..........##........#
..........##........#
....%.....##........#
#..##..#.###........#
#..##..#.# #........#
#..##..#.# #...ยง....#
#..##..#.#######@.#
#..##..#.#....##..#
#..##..#.#....##..#
...#.(........##..#
...#....##....##..#####
...#...(##....#.......#
...#....##....#.......#
......................#
......................#


There were no monsters in sight!

Vanquished Creatures
  Grinder (D:4)
  Edmund (D:4)
  An ogre (D:4)
  The ghost of Kellhus the Ruinous, an average GrWz of Vehumet (D:3)
  A hound (D:4)
  An orc priest (D:4)
  An iguana (D:4)
  2 worker ants
  Jessica (D:2)
  A jelly (D:4)
  An ogre skeleton (D:4)
  7 gnolls
  5 adders
  2 worms
  2 giant geckos
  5 orcs
  2 ball pythons
  5 giant cockroaches
  11 goblins
  10 hobgoblins
  10 kobolds
  2 quokkas
  18 bats
  A giant newt (D:3)
  12 jackals
  A kobold skeleton (D:4)
  10 rats
115 creatures vanquished.

Notes
Turn   | Place    | Note
--------------------------------------------------------------
     0 | D:1      | Kellhus, the Gargoyle Wizard, began the quest for the Orb.
     0 | D:1      | Reached XP level 1. HP: 8/8 MP: 5/5
   177 | D:1      | Reached XP level 2. HP: 13/13 MP: 0/7
   888 | D:2      | Noticed Jessica
   896 | D:2      | Reached XP level 3. HP: 17/17 MP: 6/9
   901 | D:2      | Killed Jessica
  1148 | D:2      | Reached skill level 4 in Conjurations
  1211 | D:2      | Reached XP level 4. HP: 22/22 MP: 9/11
  1842 | D:2      | Reached skill level 5 in Conjurations
  1891 | D:2      | Reached XP level 5. HP: 14/26 MP: 1/12
  2169 | D:2      | Learned a level 3 spell: Conjure Flame
  2173 | D:2      | Learned a level 3 spell: Mephitic Cloud
  2968 | D:3      | Noticed Kellhus' ghost (average GrWz)
  3107 | D:2      | Reached skill level 6 in Conjurations
  3203 | D:3      | Found an ancient bone altar of Kikubaaqudgha.
  3612 | D:4      | Reached XP level 6. HP: 17/31 MP: 5/14
  3649 | D:4      | Noticed Edmund
  3663 | D:4      | Killed Edmund
  3663 | D:4      | Reached skill level 7 in Conjurations
  4141 | D:4      | Reached XP level 7. HP: 35/35 MP: 10/17
  4545 | D:3      | Killed Kellhus' ghost
  5135 | D:4      | Noticed an ogre
  5152 | D:4      | Killed an ogre
  5152 | D:4      | Reached skill level 5 in Spellcasting
  5387 | D:4      | Noticed Grinder
  5395 | D:4      | Paralysed by Grinder for 3 turns
  5401 | D:4      | Paralysed by Grinder for 2 turns
  5404 | D:4      | Killed Grinder
  5404 | D:4      | Reached skill level 8 in Conjurations
  5404 | D:4      | Reached XP level 8. HP: 28/40 MP: 9/20
  5405 | D:4      | Quit the game

Action                   |  1- 3 |  4- 6 |  7- 9 || total
-------------------------+-------+-------+-------++-------
Melee: Unarmed           |    11 |    28 |       ||    39
       Flail             |       |       |     2 ||     2
 Cast: Magic Dart        |    50 |   214 |    70 ||   334
       Mephitic Cloud    |       |     2 |     5 ||     7
       Conjure Flame     |       |     5 |     4 ||     9
